 Dungeon Crawl Stone Soup version 0.27-a0-1196-g3e9cee4cb2 (webtiles) character file.

Game seed: 6765300053356553906

3430 kae the Cleaver (level 10, -6/81 (91) HPs)
             Began as a Hill Orc Fighter on May 28, 2021.
             Was a Believer of Qazlal.
             Mangled by a wight
             ... wielding a +0 halberd
              (12 damage)
             ... on level 8 of the Dungeon.
             The game lasted 00:05:52 (9201 turns).

kae the Cleaver (Hill Orc Fighter)                  Turns: 9201, Time: 00:05:53

HP:   -6/81 (91)    AC:  6    Str: 23    XL:     10   Next: 5%
MP:   16/16         EV:  7    Int: 14    God:    Qazlal [**....]
Gold: 252           SH: 12    Dex: 10    Spells: 9/9 levels left

rFire    . . .     SeeInvis .   a - +1 war axe (elec)
rCold    . . .     Faith    .   c - +0 kite shield
rNeg     . . .     Spirit   .   b - +0 scale mail
rPois    .         Reflect  .   (no helmet)
rElec    .         Harm     .   (no cloak)
rCorr    .         Rampage  .   (no gloves)
Will     .....                  (no boots)
Stlth    ..........             (no amulet)
HPRegen  0.23/turn              g - +6 ring of intelligence
MPRegen  0.15/turn              (no ring)

@: heavily drained
A: no striking features
a: Renounce Religion, Upheaval


You were on level 8 of the Dungeon.
You worshipped Qazlal.
Qazlal was pleased with you.
You visited 1 branch of the dungeon, and saw 8 of its levels.

You collected 461 gold pieces.
You spent 209 gold pieces at shops.

Inventory:

Hand Weapons
 a - a +1 war axe of electrocution (weapon)
Missiles
 t - 2 throwing nets (quivered)
 x - 3 curare-tipped darts
Armour
 b - a +0 scale mail (worn)
 c - a +0 kite shield (worn)
 A - a +1 pair of gloves
Jewellery
 g - a +6 ring of intelligence (left hand)
Wands
 y - a wand of flame (17)
 z - a wand of acid (4)
Scrolls
 e - 3 scrolls of blinking
 f - 2 scrolls of amnesia
 i - 4 scrolls of fear
 l - 5 scrolls of teleportation
 n - a scroll of torment
 w - 2 scrolls of fog
 B - a scroll of identify
 C - a scroll of brand weapon
Potions
 d - 3 potions of might
 h - a potion of brilliance
 j - 3 potions of curing
 k - a potion of berserk rage
 m - a potion of ambrosia
 o - a potion of attraction {unknown}
 p - 2 potions of resistance {unknown}
 q - 2 potions of haste {unknown}
 r - a potion of degeneration {unknown}
 s - a potion of lignification
 u - 2 potions of heal wounds
 v - 2 potions of cancellation {unknown}


   Skills:
 + Level 9.3 Fighting
 * Level 13.0 Axes
 - Level 3.2 Armour
 - Level 3.2 Shields
 + Level 8.1 Invocations


You had 9 spell levels left.
You didn't know any spells.
Your spell library contained the following spells:

 Spells                   Type           Power      Damage    Failure   Level
 Corona                   Hex            0%         N/A       97%         1
 Sting                    Tmut/Pois      0%         1d3       97%         1
 Ensorcelled Hibernation  Hex/Ice        0%         N/A       99%         2
 Poisonous Vapours        Pois/Air       0%         N/A       99%         2
 Confusing Touch          Hex            0%         N/A       100%        3
 Dazzling Flash           Conj/Hex       0%         N/A       100%        3
 Ignite Poison            Fire/Tmut/Pois 0%         N/A       100%        3
 Mephitic Cloud           Conj/Pois/Air  0%         N/A       100%        3
 Tukima's Dance           Hex            0%         N/A       100%        3
 Olgreb's Toxic Radiance  Pois           0%         N/A       100%        4


Dungeon Overview and Level Annotations

Branches:
Dungeon (8/15)             Temple (0/1) D:5
   Lair: D:8-11

Altars:
Ashenzari
Kikubaaqudgha
Nemelex Xobeh
Qazlal
Ru
Uskayaw
Wu Jian
Xom
The Shining One

Shops:
D:1 =   D:4 :   D:5 !

Annotations:
D:6 2 transporters, Megustar's ghost, novice GrBe


Message History

You destroy the wight!
Qazlal accepts your kill. The wight hits you but does no damage.
Your Axes skill increases to level 13!
The wight hits you with a +0 halberd!
You feel drained. You block the wight's attack.
You barely miss the wight. You hit the wight but do no damage.
Lightning courses through the wight! The wight hits you with a +0 halberd!
The wight hits you with a +0 spear.
You feel drained.
You are too injured to fight recklessly!
You are too injured to fight recklessly!
You are too injured to fight recklessly!
You are too injured to fight recklessly!
You are too injured to fight recklessly!
You are too injured to fight recklessly!
You hit the wight. Lightning courses through the wight!
The wight is almost destroyed.
You slash the wight!
You destroy the wight!
Qazlal accepts your kill.
You slash the orc! Lightning courses through the orc!
You kill the orc!
Qazlal accepts your kill. The wight hits you with a +0 halberd!
You feel drained.
You barely miss the wight.
The wight is almost destroyed.
The wight hits you with a +0 halberd!
* * * LOW HITPOINT WARNING * * *
You feel drained.
* * * LOW HITPOINT WARNING * * *
You closely miss the wight.
The wight is almost destroyed.
The wight hits you with a +0 halberd!
* * * LOW HITPOINT WARNING * * *
You feel drained.
* * * LOW HITPOINT WARNING * * *
You hit the wight but do no damage.
The wight is almost destroyed.
The wight hits you with a +0 halberd!
You die...

... ........
...##...... ..........#
.......... ####
.........## .....
#.......# ......
###.$..z).# ......
......)@# ### .....#
....##))######.###
....# .
#.)...#......###
....###.
#........#.#...#
........
#...#......#.....####
........
...!..##.....####...#..
........ #....#
#...............
........ #....
##.........#....
........ ......
##......#......


You could see a wight.

Vanquished Creatures
  A water moccasin (D:8)
  A sky beast (D:6)
  An orc warrior (D:8)
  A hornet zombie (D:5)
  9 necrophages
  5 ogres
  A kobold brigand (D:8)
  Blork the orc (D:5)
  2 scorpions
  4 killer bees (D:7)
  12 wights
  A centaur zombie (D:8)
  A bullfrog zombie (D:6)
  2 hounds
  2 jellies
  7 orc priests
  2 bullfrog skeletons
  A gnoll shaman (D:7)
  A centaur skeleton (D:5)
  5 orc wizards
  A killer bee zombie (D:6)
  A mummy (D:8)
  Robin (D:4)
  A howler monkey zombie (D:8)
  A howler monkey skeleton (D:5)
  6 adders
  6 gnolls
  A shadow imp (D:3)
  2 ufetubi (D:5)
  3 worms
  2 dart slugs (D:1)
  20 orcs
  6 ball pythons
  2 bats
  3 endoplasms
  8 goblins
  13 hobgoblins
  11 jackals
  7 kobolds
  2 quokkas
  A frilled lizard (D:3)
  A quokka skeleton (D:4)
  2 rats (D:2)
161 creatures vanquished.

Vanquished Creatures (others)
  A gnoll (D:7)
  A bush (D:7)
  7 plants
  3 withered plants (D:8)
12 creatures vanquished.

Grand Total: 173 creatures vanquished

Notes
Turn   | Place    | Note
-------+----------+-------------------------------------------
     0 | D:1      | kae the Hill Orc Fighter began the quest for the Orb.
     0 | D:1      | Reached XP level 1. HP: 19/19 MP: 1/1
    44 | D:1      | Reached skill level 3 in Axes
   139 | D:1      | Reached XP level 2. HP: 24/27 MP: 2/2
   173 | D:1      | Found Tenof's Jewellery Shop.
   574 | D:1      | Reached skill level 4 in Axes
   576 | D:1      | Reached XP level 3. HP: 29/33 MP: 3/3
  1605 | D:2      | Reached XP level 4. HP: 30/41 MP: 4/4
  1608 | D:2      | Reached skill level 5 in Axes
  2092 | D:3      | Found an ancient bone altar of Kikubaaqudgha.
  2253 | D:3      | Found a broken altar of Ashenzari.
  2270 | D:3      | Found a shimmering altar of Xom.
  2587 | D:3      | Reached XP level 5. HP: 47/47 MP: 5/5
  2806 | D:3      | Found a faded altar of an unknown god.
  2830 | D:3      | Reached skill level 6 in Axes
  3001 | D:3      | Reached skill level 5 in Fighting
  3097 | D:3      | Found a hide-covered altar of Uskayaw.
  3432 | D:4      | Noticed Robin
  3442 | D:4      | Killed Robin
  3720 | D:4      | Found Bionuciet's Book Shop.
  3832 | D:3      | Reached XP level 6. HP: 25/56 MP: 6/6
  4300 | D:4      | Found a stormy altar of Qazlal.
  4300 | D:4      | Found a glowing golden altar of the Shining One.
  4466 | D:4      | Became a worshipper of Qazlal Stormbringer
  4485 | D:5      | Entered Level 5 of the Dungeon
  4513 | D:5      | Reached skill level 7 in Axes
  4565 | D:5      | Noticed a necrophage
  4572 | D:5      | Killed a necrophage
  4573 | D:5      | Reached skill level 1 in Invocations
  4673 | D:5      | Reached XP level 7. HP: 35/62 MP: 8/8
  4880 | D:5      | Found a staircase to the Ecumenical Temple.
  4901 | D:5      | Noticed Blork the orc
  4915 | D:5      | Killed Blork the orc
  4916 | D:5      | Reached skill level 8 in Axes
  5134 | D:5      | Found Ciczyzidd's Distillery.
  5137 | D:5      | Bought a potion of lignification for 33 gold pieces
  5137 | D:5      | Bought a potion of might for 44 gold pieces
  5137 | D:5      | Bought a potion of might for 44 gold pieces
  5137 | D:5      | Bought a potion of heal wounds for 55 gold pieces
  5137 | D:5      | Bought a potion of curing for 33 gold pieces
  5197 | D:5      | Found an ornate altar of the Wu Jian Council.
  5464 | D:5      | Reached skill level 9 in Axes
  5727 | D:5      | Reached XP level 8. HP: 68/71 MP: 10/10
  6287 | D:6      | Found a transporter.
  6318 | D:6      | Noticed Megustar's ghost (novice GrBe)
  6355 | D:6      | Reached * piety under Qazlal
  6570 | D:6      | Reached skill level 10 in Axes
  6675 | D:6      | Found a sacrificial altar of Ru.
  6714 | D:6      | Reached skill level 5 in Invocations
  6842 | D:6      | Found a transporter.
  7051 | D:6      | Found a sparkling altar of Nemelex Xobeh.
  7084 | D:6      | Identified the +0 scale mail "Veit" {rN+ Dex+4}
  7215 | D:7      | Reached skill level 11 in Axes
  7215 | D:7      | Reached XP level 9. HP: 68/81 MP: 13/13
  8360 | D:8      | Reached ** piety under Qazlal
  8398 | D:8      | Reached skill level 12 in Axes
  9100 | D:8      | Reached XP level 10. HP: 84/91 MP: 15/15
  9196 | D:8      | Reached skill level 13 in Axes
  9201 | D:8      | Mangled by a wight

Illustrated notes

Levels and vault maps discovered:
D:1:      saegor_arrival_simple_d, layout_basic, serial_shops, shop_statue,
          feat_on_display
D:2:      layout_loops_cross
D:3:      layout_loops_corners, nicolae_overflow_quartered_altars,
          basic_ecumenical_altar, chequers_serial_rivers_small_a,
          solitary_fountain
D:4:      layout_rooms, gammafunk_temple_overflow_elements, serial_shops, shop,
          serial_bayou_crossing, uniq_robin
D:5:      layout_layer_cave, kennysheep_mini, minmay_temple_entry_tees,
          serial_shops, nicolae_shop_behind_doors, uniq_blork_the_orc
D:6:      layout_basic, kennysheep_mini_moat, general_overflow_altar,
          gammafunk_ghost_gnarly_gnolls
D:7:      layout_rooms, chequers_arboretum, minmay_hedge_maze
D:8:      layout_cave_pools, serial_undead, serial_undead_d, serial_undead_d,
          serial_undead_a, serial_undead_a, serial_undead_e, serial_undead_e,
          serial_undead_e, serial_undead_c

Skill      XL: |  1  2  3  4  5  6  7  8  9 10 |
---------------+-------------------------------+-----
Axes           | 3 4 5 6 7 9 11 12 13 | 13.0
Fighting       | 4 5 6 7 9 |  9.3
Invocations    | 2 3 5 7 8 |  8.1
Armour         | |  3.2
Shields        | |  3.2

Action                   |  1- 3 |  4- 6 |  7- 9 | 10-12 || total
-------------------------+-------+-------+-------+-------++-------
Melee: War axe           |    84 |   152 |   181 |    10 ||   427
  Use: Scroll            |     5 |     8 |     3 |       ||    16
Armor: Scale mail        |    44 |    62 |    42 |     2 ||   150
Dodge: Dodged            |    33 |    46 |    40 |     1 ||   120
Block: Kite shield       |    55 |    91 |    75 |     7 ||   228

Table legend: (Time is in decaauts)
 A = Elapsed time spent in this place.
 B = Non-inter-level travel time spent in this place.
 C = Inter-level travel time spent in this place.
 D = Time resting spent in this place.
 E = Time spent auto-exploring this place.
 F = Levels seen in this place.
 G = Mean time per level.
                   A        B        C        D        E       F      G
               +--------+--------+--------+--------+--------+-----+--------+
         Total |   9362 |   9156 |    206 |   1313 |   6707 |   8 | 1170.2 |
       Dungeon |   9362 |   9156 |    206 |   1313 |   6707 |   8 | 1170.2 |
               +--------+--------+--------+--------+--------+-----+--------+

Top non-repeatable levels by time:
     D:3: 1697 daAuts
     D:5: 1595 daAuts
     D:7: 1221 daAuts
     D:1: 1122 daAuts
     D:6: 1095 daAuts
     D:2: 907 daAuts
     D:4: 870 daAuts
     D:8: 853 daAuts
